 Dungeon Crawl Stone Soup version 0.31-a0-875-g02e7d12df6 (webtiles) character file.

Game seed: 7504745645292793486

903 LeprechaunX the Changeling (level 8, -7/54 HPs)
             Began as an Octopode Shapeshifter on Oct 12, 2023.
             Mangled by an ice beast (11 damage)
             ... on level 5 of the Dungeon.
             The game lasted 00:06:40 (4308 turns).

LeprechaunX the Changeling (Octopode Shapeshifter)  Turns: 4308, Time: 00:06:41

Health: -7/54      AC:  1    Str: 16    XL:     8   Next: 7%
Magic:  8/8        EV: 12    Int: 12    God:
Gold:   180        SH: 12    Dex: 11    Spells: 7/7 levels left

rFire   . .          .
                       - Unarmed
rCold   . . .        z - +0 kite shield
rNeg    . . .        (helmet currently unavailable)
rPois   .            l - amulet of reflection
rElec   .            m - ring of resist corrosion
rCorr   +            v - ring of flight
SInv    .            (no ring)
Will    .....        (no ring)
Stlth   ++           (no ring)
HPRegen 0.29/turn    (no ring)
MPRegen 0.11/turn    (no ring)
                     (no ring)

%: reflection
@: beast-form, flying
A: beast (slay +3), almost no armour, amphibious, 8 rings, camouflage 1,
gelatinous body 1, (nimble swimmer 1), tentacles
a: Begin Untransformation


You were on level 5 of the Dungeon.
You were a hulking beast.
You visited 2 branches of the dungeon, and saw 6 of its levels.

You collected 180 gold pieces.

Inventory:

Hand Weapons
 a - a +0 sling
Missiles
 t - 3 javelins
Armour
 z - a +0 kite shield (worn)
Jewellery
 l - an amulet of reflection (around mantle)
 m - a ring of resist corrosion (left tentacle)
 v - a ring of flight (right tentacle)
 A - an amulet of regeneration
 B - a +6 ring of dexterity
Talismans
 b - a beast talisman (active)
 c - a flux talisman
Wands
 n - a wand of flame (17)
 y - a wand of mindburst (10)
Scrolls
 d - 5 scrolls of identify {unknown}
 f - 2 scrolls of revelation {unknown}
 g - a scroll of acquirement {unknown}
 i - 2 scrolls of enchant weapon {unknown}
 k - 4 scrolls of amnesia {unknown}
 o - 2 scrolls of enchant armour {unknown}
 p - 3 scrolls of blinking {unknown}
 r - 2 scrolls of fog {unknown}
 s - a scroll of teleportation {unknown}
 x - a scroll of fear {unknown}
Potions
 e - a potion of resistance {unknown}
 h - 4 potions of enlightenment {unknown}
 j - 3 potions of curing {unknown}
 q - a potion of magic {unknown}
 u - a potion of heal wounds {unknown}
 w - a potion of lignification


   Skills:
 + Level 3.8 Fighting
 + Level 4.3 Dodging
 + Level 0.7 Shields
 + Level 4.9 Unarmed Combat
 * Level 5.9 Shapeshifting


You had 7 spell levels left.
You didn't know any spells.
Your spell library contained the following spells:

 Spells                   Type           Power      Damage    Failure   Level
 Apportation              Tloc           0%         N/A       73%         1
 Magic Dart               Conj           0%         1d3       73%         1
 Necrotise                Necr           0%         1d4       73%         1
 Sting                    Tmut/Pois      0%         1d3       73%         1
 Summon Small Mammal      Summ           0%         N/A       73%         1
 Cigotuvi's Dreadful Rot  Necr/Pois/Air  0%         N/A       86%         2
 Jinxbite                 Hex            0%         N/A       86%         2
 Poisonous Vapours        Pois/Air       0%         N/A       86%         2
 Dazzling Flash           Conj/Hex       0%         N/A       97%         3
 Gell's Gravitas          Tloc           0%         N/A       97%         3
 Teleport Other           Tloc           0%         N/A       97%         3
 Dispel Undead            Necr           0%         3d6       100%        4
 Olgreb's Toxic Radiance  Pois           0%         N/A       100%        4
 Agony                    Necr           0%         N/A       100%        5
 Silence                  Hex/Air        0%         N/A       100%        5
 Bombard                  Conj/Erth      0%         9d1       100%        6
 Death Channel            Necr           0%         N/A       100%        6
 Dispersal                Tloc           0%         N/A       100%        6


Dungeon Overview and Level Annotations

Branches:
Dungeon (5/15)             Temple (1/1) D:4

Altars:
Ashenzari
Cheibriados
Dithmenos
Elyvilon
Gozag
Kikubaaqudgha
Makhleb
Nemelex Xobeh
Okawaru
Qazlal
Sif Muna
Trog
Uskayaw
Vehumet
Wu Jian
Xom
Yredelemnul
The Shining One


Innate Abilities, Weirdness & Mutations

You are a hulking beast.
Your limbs bulge with bestial killing power. (Slay +3)
You cannot wear most types of armour.
You are amphibious.
You can wear up to eight rings at the same time.
Your skin changes colour to match your surroundings (Stealth+).
Your rubbery body absorbs attacks. (AC +1, EV +1)
((You are camouflaged when in or above water. (Stealth+)))
You have tentacles for arms and can constrict up to eight enemies at once.


Message History

The ice beast is lightly wounded.
You shoot a sling bullet.
The sling bullet hits the ice beast but does no damage.
The ice beast is lightly wounded.
You are now empty-tentacled.
You block the ice beast's attack.
You bludgeon the ice beast! Your squeeze misses the ice beast.
The ice beast is heavily wounded.
The ice beast hits you. The ice beast freezes you!
You barely miss the ice beast. Your squeeze misses the ice beast.
The ice beast is heavily wounded.
The ice beast hits you. The ice beast freezes you!
You tentacle-slap the ice beast.
The ice beast is severely wounded.
The ice beast closely misses you.
You completely miss the ice beast. Your squeeze misses the ice beast.
The ice beast is severely wounded.
You block the ice beast's attack.
You tentacle-slap the ice beast but do no damage.
The ice beast is severely wounded.
The ice beast hits you but does no damage.
The ice beast misses you.
You closely miss the ice beast. Your squeeze misses the ice beast.
The ice beast is severely wounded.
The ice beast hits you. The ice beast freezes you!
You tentacle-slap the ice beast.
The ice beast is almost dead.
The ice beast hits you. The ice beast freezes you!
* * * LOW HITPOINT WARNING * * *
You tentacle-slap the ice beast but do no damage.
The ice beast is almost dead.
The ice beast hits you.
* * * LOW HITPOINT WARNING * * *
The ice beast freezes you!
* * * LOW HITPOINT WARNING * * *
You tentacle-slap the ice beast.
The ice beast is almost dead.
The ice beast hits you.
* * * LOW HITPOINT WARNING * * *
The ice beast freezes you!
You die... #P.........P.P <....PPPPP.P.PPP.P ##...P.....P...P.P# # #..[PPP.PPPPP.P.P# ####. ##........P...P... .....####.P.PPP.PPP.P.P. ..........P...P.P.....P. ...)..Y.#.PPP.PPPPPPPPP.

#h<#
#...........
#.##
###.####...#
#..## ##.##
#...#
#.#.###.##
#...#
#....#.##
#...#
#####.##
#...# #.#
#.... #.#
..... ...


You could see an ice beast.

Vanquished Creatures
  Sigmund (D:3)
  3 scorpions
  4 wights (D:4)
  A hound (D:4)
  A sleepcap (D:5)
  2 iguanas (D:4)
  An orc wizard (D:3)
  Robin (D:2)
  A gnoll (D:5)
  8 adders
  2 worms
  2 dart slugs
  15 orcs
  6 bats
  6 endoplasms
  A giant cockroach (D:1)
  11 goblins
  15 hobgoblins
  4 jackals (D:4)
  10 kobolds
  3 quokkas
  11 ball pythons
  A frilled lizard (D:2)
  9 rats
  A spectral orc (D:3)
120 creatures vanquished.

Notes
Turn   | Place    | Note
-------+----------+-------------------------------------------
     0 | D:1      | LeprechaunX the Octopode Shapeshifter began the quest for
                  | the Orb.
     0 | D:1      | Reached XP level 1. HP: 13/13 MP: 1/1
   172 | D:1      | Reached XP level 2. HP: 16/18 MP: 2/2
   740 | D:2      | Reached XP level 3. HP: 23/23 MP: 3/3
   770 | D:2      | Noticed Robin
   786 | D:2      | Killed Robin
   911 | D:2      | Reached XP level 4. HP: 13/29 MP: 4/4
  1577 | D:3      | Reached skill level 4 in Shapeshifting
  1719 | D:3      | Found an opulent altar of Gozag.
  1730 | D:3      | Reached XP level 5. HP: 34/34 MP: 5/5
  1730 | D:3      | Noticed Sigmund
  1736 | D:3      | Killed Sigmund
  1737 | D:3      | Reached XP level 6. HP: 41/41 MP: 6/6
  1768 | D:3      | Found a basalt altar of Yredelemnul.
  2894 | D:4      | Found a staircase to the Ecumenical Temple.
  2911 | Temple   | Entered the Ecumenical Temple
  2955 | D:4      | Reached skill level 5 in Shapeshifting
  2955 | D:4      | Reached XP level 7. HP: 29/46 MP: 7/7
  3165 | D:4      | HP: 2/46 [wight/+0 battleaxe (8)]
  3409 | D:4      | Got a graven book
  3478 | D:4      | Found a shimmering blue altar of Sif Muna.
  3998 | D:5      | Entered Level 5 of the Dungeon
  4130 | D:5      | Found a shimmering altar of Xom.
  4245 | D:5      | Reached XP level 8. HP: 54/54 MP: 8/8
  4308 | D:5      | Mangled by an ice beast

Illustrated notes

Levels and vault maps discovered:
D:1:      lordsloth_arrival_two_stooges, layout_basic, serial_forest,
          infiniplex_forest_end_1, infiniplex_forest_clump_medium,
          infiniplex_forest_lined_2, infiniplex_forest_lined_room_2,
          infiniplex_forest_clump_tiny, infiniplex_forest_end_1,
          infiniplex_forest_straight_5
D:2:      layout_loops_ring, uniq_robin
D:3:      layout_basic, mainiacjoe_overflow_small_starburst,
          yredelemnul_forgotten_temple_becter, minmay_snake_closets,
          uniq_sigmund
D:4:      layout_loops_ring, mainiacjoe_overflow_catwalk, temple_pool_b
D:5:      layout_loops_cross, tgw_xom, gammafunk_temple_overflow_forgotten,
          solitary_fountain, minmay_hedge_maze
Temple:   eino_temple_lava

Skill      XL: |  1  2  3  4  5  6  7 |
---------------+----------------------+-----
Fighting       | 2 3 |  3.8
Shapeshifting  | 4 5 |  5.9
Dodging        | 3 4 |  4.3
Unarmed Combat | 4 |  4.9
Shields        | |  0.7

Action                     |  1- 3 |  4- 6 |  7- 9 || total
---------------------------+-------+-------+-------++-------
  Melee: Unarmed           |    86 |    82 |    77 ||   245
         Constrict         |    25 |    18 |    16 ||    59
         Tentacles         |    20 |    14 |    15 ||    49
         Punch             |     1 |     2 |     4 ||     7
   Fire: Sling             |       |       |    13 ||    13
   Stab: Sleeping          |     4 |    13 |     7 ||    24
         Distracted        |       |       |     1 ||     1
 Armour: Skin              |    21 |    27 |    32 ||    80
  Dodge: Dodged            |    45 |    32 |    30 ||   107
  Block: Other             |       |     8 |     7 ||    15
         Reflection        |       |     1 |       ||     1
         Kite shield       |       |       |    12 ||    12

Table legend: (Time is in decaauts)
 A = Elapsed time spent in this place.
 B = Non-inter-level travel time spent in this place.
 C = Inter-level travel time spent in this place.
 D = Time resting spent in this place.
 E = Time spent auto-exploring this place.
 F = Levels seen in this place.
 G = Mean time per level.
                   A        B        C        D        E       F      G
               +--------+--------+--------+--------+--------+-----+--------+
         Total |   4297 |   4173 |    124 |    353 |   3108 |   6 |  716.2 |
       Dungeon |   4295 |   4171 |    124 |    353 |   3108 |   5 |  859.0 |
        Temple |      1 |      1 |      0 |      0 |      0 |   1 |    1.0 |
               +--------+--------+--------+--------+--------+-----+--------+

Top non-repeatable levels by time:
     D:3: 1397 daAuts
     D:4: 1096 daAuts
     D:2: 765 daAuts
     D:1: 720 daAuts
     D:5: 316 daAuts
  Temple: 1 daAuts
